 Dungeon Crawl Stone Soup version 0.28.0-53-g5a82cb258f (webtiles) character file.

Game seed: 3080700091824994633

310 Woods the Cudgeller (level 6, -2/47 HPs)
             Began as a Demonspawn Abyssal Knight on May 24, 2022.
             Was a Priest of Lugonu.
             Killed by divine providence
             ... invoked by an orc priest
              (13 damage)
             ... on level 4 of the Dungeon.
             The game lasted 00:06:02 (5244 turns).

Woods the Cudgeller (Demonspawn Abyssal Knight)     Turns: 5244, Time: 00:06:02

Health: -2/47      AC:  7    Str: 15    XL:     6   Next: 18%
Magic:  9/9        EV: 11    Int: 12    God:    Lugonu [***...]
Gold:   185        SH:  0    Dex: 13    Spells: 5/5 levels left

rFire   . . .      SeeInvis .   a - +1 mace
rCold   . . .      Faith    .   (no shield)
rNeg    . . .      Spirit   .   i - +0 ring mail
rPois   .          Reflect  .   (helmet restricted)
rElec   .          Harm     .   f - scarf {repulsion}
rCorr   .          Rampage  .   (no gloves)
Will    .....                   u - +1 pair of boots {Stlth+}
Stlth   ++........              (no amulet)
HPRegen 0.15/turn               (no ring)
MPRegen 0.11/turn               (no ring)

@: repel missiles
A: horns 1, demonic guardian 1, sturdy frame 1
a: Renounce Religion, Depart the Abyss, Bend Space, Banish


You were on level 4 of the Dungeon.
You worshipped Lugonu.
Lugonu was most pleased with you.
You visited 1 branch of the dungeon, and saw 4 of its levels.
You visited the Abyss 1 time.

You collected 185 gold pieces.

Inventory:

Hand Weapons
 a - a +1 mace (weapon)
Armour
 f - a scarf of repulsion (worn)
 i - a +0 ring mail (worn)
 u - a +1 pair of boots of stealth (worn)
Jewellery
 p - an amulet of regeneration
Scrolls
 c - 5 scrolls of identify {unknown}
 d - 2 scrolls of teleportation {unknown}
 e - a scroll of blinking {unknown}
 h - a scroll of amnesia {unknown}
 k - a scroll of silence {unknown}
 l - a scroll of enchant armour {unknown}
 o - a scroll of magic mapping {unknown}
Potions
 b - a potion of invisibility {unknown}
 g - 2 potions of brilliance {unknown}
 j - a potion of mutation {unknown}
 m - 2 potions of heal wounds {unknown}
 n - a potion of experience {unknown}
 q - a potion of attraction {unknown}
 r - a potion of flight {unknown}
 s - 2 potions of curing {unknown}
 t - a potion of ambrosia {unknown}


   Skills:
 - Level 3.0 Fighting
 + Level 5.1 Maces & Flails
 - Level 1.8 Armour
 - Level 0.9 Dodging
 - Level 5.0 Invocations


You had 5 spell levels left.
You didn't know any spells.
Your spell library contained the following spells:

 Spells                   Type           Power      Damage    Failure   Level
 Static Discharge         Conj/Air       0%         N/A       56%         2
 Lightning Bolt           Conj/Air       0%         1d11      100%        5
 Maxwell's Capacitive Co  Air            0%         ∞         100%        8


Dungeon Overview and Level Annotations

Branches:
Dungeon (4/15)
 Temple: D:4-7

Altars:
Cheibriados
Hepliaklqana

Shops:
D:1 *


Innate Abilities, Weirdness & Mutations

You have a pair of small horns on your head.
A weak demonic guardian rushes to your aid.
Your movements are slightly less encumbered by armour. (ER -2)


Message History

An orc priest comes into view. It is wielding a +0 club.
You barely miss the orc.
The orc shouts!
You hear a shout! x2
The orc hits you with a +0 hand axe.
A demonic guardian appears!
You hit the orc.
The orc is severely wounded.
The orc priest calls upon Beogh to heal the orc.
The orc's wounds heal themselves!
The orc barely misses you.
An orc priest comes into view. It is wielding a +0 mace.
You barely miss the orc. The orc closely misses you.
You hit the orc but do no damage.
The orc priest calls down the wrath of Beogh upon you.
Beogh smites you! The orc hits you but does no damage.
The orc hits your quasit with a +0 hand axe.
Your quasit bites the orc but does no damage.
Your quasit claws the orc but does no damage. x2
The orc priest barely misses your quasit.
Your quasit bites the orc but does no damage.
Your quasit claws the orc but does no damage. x2
The orc misses your quasit.
The orc priest hits your quasit with a +0 mace.
Your quasit bites the orc but does no damage.
Your quasit closely misses the orc.
Your quasit claws the orc but does no damage.
The orc priest hits your quasit with a +0 mace.
Your quasit dies!
Your quasit disappears in a puff of smoke!
The orc priest invokes the aid of Beogh against you.
Beogh smites you!
* * * LOW HITPOINT WARNING * * *
The orc priest calls down the wrath of Beogh upon you.
Pain shoots through your body!
* * * LOW HITPOINT WARNING * * *
There is an open door here.
The orc priest casts a cantrip, but nothing happens.
There is an open door here.
There is an open door here.
The orc priest invokes the aid of Beogh against you.
Beogh smites you!
You die...

....................#
.............o.......#
.....................#
#'#........#####....###
...........#...#....#..
.......#'###...#....#..
##...#o..#...##'###..
##..'...#.......####
#.@#o..#.......##..
#..#..##...##...#..
#..#..##.o.##...#..
#..#....o.......#..
#..'...........##..
#..#..#######..##..
#..#..##...##...#..
..#.##.. #........#..
.. ... #........'..


You could see an orc priest and an orc.

Vanquished Creatures
  A necrophage (D:4)
  A howler monkey (D:3)
  A hound (D:4)
  4 gnolls
  2 adders (D:2)
  4 worms
  2 orcs (D:4)
  9 endoplasms
  5 giant cockroaches
  4 goblins
  6 hobgoblins
  4 jackals (D:3)
  10 kobolds
  3 quokkas
  9 ball pythons
  6 bats
  6 frilled lizards
  3 rats
80 creatures vanquished.

Vanquished Creatures (collateral kills)
  A gnoll (D:3)
1 creature vanquished.

Grand Total: 81 creatures vanquished

Notes
Turn   | Place    | Note
-------+----------+-------------------------------------------
     0 | Abyss:1  | Woods the Demonspawn Abyssal Knight began the quest for the
                  | Orb.
     0 | Abyss:1  | Reached XP level 1. HP: 18/18 MP: 2/2
     8 | D:1      | Escaped the Abyss
   347 | D:1      | Gained mutation: You have a pair of small horns on your
                  | head. [demonic ancestry]
   347 | D:1      | Reached XP level 2. HP: 17/24 MP: 4/4
   792 | D:1      | Reached ** piety under Lugonu
   875 | D:1      | Found a faded altar of an unknown god.
  1120 | D:1      | Found Kylets's General Store.
  1195 | D:2      | Gained mutation: Your movements are slightly less
                  | encumbered by armour. (ER -2) [demonic ancestry]
  1195 | D:2      | Reached XP level 3. HP: 24/29 MP: 5/5
  2028 | D:2      | Reached XP level 4. HP: 35/35 MP: 7/7
  3397 | D:3      | Reached *** piety under Lugonu
  3398 | D:3      | Reached skill level 5 in Invocations
  3420 | D:3      | Found a snail-covered altar of Cheibriados.
  3421 | D:3      | Found a hazy altar of Hepliaklqana.
  3546 | D:3      | Gained mutation: A weak demonic guardian rushes to your
                  | aid. [demonic ancestry]
  3546 | D:3      | Reached XP level 5. HP: 16/41 MP: 8/8
  4761 | D:4      | Noticed a necrophage
  4783 | D:4      | Killed a necrophage
  4784 | D:4      | Reached XP level 6. HP: 34/47 MP: 9/9
  4989 | D:4      | Reached skill level 5 in Maces & Flails
  5244 | D:4      | Killed from afar by an orc priest

Illustrated notes

Levels and vault maps discovered:
D:1:      dpeg_arrival_pits, layout_loops_corners,
          dreamdust_ecumenical_altar_grove, serial_shops, nicolae_shop_trees
D:2:      layout_loops_cross
D:3:      layout_basic, gammafunk_temple_overflow_pools, serial_rivers,
          chequers_serial_rivers_micro_d, chequers_serial_rivers_large_a,
          chequers_serial_rivers_micro_b, chequers_serial_rivers_room_a,
          chequers_serial_rivers_small_3
D:4:      cheibrodos_pilgrimage, layout_gridville

Skill      XL: |  1  2  3  4  5  6 |
---------------+-------------------+-----
Maces & Flails | 2 3 4 5 |  5.1
Invocations    | 3 4 5 |  5.0
Fighting       | |  3.0
Armour         | |  1.8
Dodging        | |  0.9

Action                   |  1- 3 |  4- 6 || total
-------------------------+-------+-------++-------
Melee: Mace              |   114 |   120 ||   234
       Headbutt          |    10 |    14 ||    24
       Punch             |     1 |       ||     1
Armor: Leather armour    |    32 |       ||    32
       Ring mail         |    17 |    48 ||    65
Dodge: Dodged            |    78 |    84 ||   162
